Map: Nightshade LE

Players

HeroMarine

  • Race: Terran Terran
  • Spawn Location: 5:00

Serral - Winner!

  • Race: Zerg Zerg
  • League: Master
  • Spawn Location: 11:00

Event: StayAtHomestory Cup #1

VOD

Have the link to the VOD?

Description

Time

  • Played on: April 11, 2020, 10:49 a.m.
  • Length: 17:04

All games in this series

Show
View Real Time Build Order
Export as new Build Order

HeroMarine Terran 

Build Orders: Reaper Expand, Hellion Banshee 

Get SALT Encoding   

  12  0:01  SCV  
  13  0:13  SCV  
  14  0:17  Supply Depot  
  14  0:25  SCV  
  15  0:39  SCV, Barracks  
  16  0:44  Refinery  
  16  0:51  SCV  
  17  1:03  SCV  
  18  1:15  SCV  
  19  1:27  Reaper  
  19  1:28  Orbital Command  
  20  1:40  Command Center  
  20  1:50  Supply Depot  
  20  1:53  SCV  
  21  1:59  Marine  
  22  2:05  SCV  
  23  2:09  Factory  
  23  2:16  Refinery  
  23  2:18  SCV  
  23  2:22  Barracks Reactor  
  24  2:30  SCV  
  25  2:42  SCV  
  26  2:54  SCV, Starport, Orbital Command  
  27  3:04  Hellion x2  
  27  3:05  Barracks Tech Lab  
  31  3:06  SCV  
  32  3:18  SCV  
  32  3:19  SCV  
  34  3:25  Supply Depot, Hellion x2  
  38  3:30  SCV  
  38  3:31  SCV  
  40  3:36  Cloaking Field, Banshee  
  40  3:37  Barracks Tech Lab  
  43  3:42  SCV  
  43  3:43  SCV  
  45  3:48  Supply Depot  
  45  3:52  Hellion  
  45  3:54  SCV  
  50  3:55  SCV  
  50  3:56  Hellion  
  50  3:58  Stimpack  
  51  4:06  SCV  
  51  4:07  SCV  
  54  4:18  SCV  
  54  4:19  Command Center  
  54  4:20  SCV  
  54  4:21  Banshee  
  58  4:27  Supply Depot  
  58  4:31  SCV  
  59  4:32  SCV  
  60  4:43  SCV  
  60  4:44  SCV, Barracks  
  60  4:45  Barracks  
  62  4:46  Factory Reactor  
  62  4:48  Marine  
  63  4:52  Engineering Bay  
  63  4:53  Engineering Bay  
  63  4:55  SCV  
  63  4:56  SCV  
  65  5:06  Marine  
  66  5:07  SCV  
  66  5:08  SCV  
  66  5:10  Refinery  
  66  5:12  Refinery  
  68  5:14  Starport Reactor  
  68  5:19  SCV  
  68  5:20  SCV  
  70  5:23  Terran Infantry Weapons Level 1, Terran Infantry Armor Level 1  
  70  5:28  Supply Depot  
  70  5:29  Factory Reactor  
  70  5:31  Marine, SCV  
  70  5:32  SCV  
  70  5:33  Orbital Command  
  73  5:37  Marine  
  73  5:38  Marine  
  73  5:40  Combat Shield  
  75  5:44  Barracks x2  
  75  5:45  SCV x2  
  75  5:48  Marine x2  
  75  5:49  Marine  
  80  5:53  Supply Depot  
  80  5:54  Medivac x2  
  84  5:57  SCV, Supply Depot  
  86  6:04  SCV  
  86  6:06  Orbital Command  
  86  6:07  Marine x2  
  86  6:08  Marine x3  
  86  6:10  SCV  
  92  6:14  Supply Depot, Widow Mine  
  92  6:16  SCV  
  92  6:17  Supply Depot  
  95  6:22  SCV  
  95  6:25  Marine x2  
  96  6:27  Marine x2  
  96  6:28  SCV  
  96  6:31  Medivac x2  
  102  6:33  Widow Mine  
  102  6:34  SCV  
  102  6:35  Barracks Reactor  
  102  6:36  Widow Mine  
  102  6:37  Barracks Reactor  
  102  6:39  SCV  
  108  6:40  SCV  
  108  6:46  SCV, Supply Depot  
  110  6:49  Marine x4, Supply Depot  
  110  6:51  SCV  
  115  6:55  Armory  
  115  6:57  SCV  
  115  6:58  SCV  
  115  6:59  Marine  
  118  7:03  SCV  
  118  7:07  Marine x3  
  122  7:08  Marine  
  122  7:10  Widow Mine x2  
  127  7:16  SCV x2, Refinery  
  127  7:17  SCV, Marine  
  127  7:20  Factory  
  127  7:21  Marine x4  
  135  7:25  Marine x3  
  135  7:26  Marine  
  137  7:35  Marine, Command Center  
  138  7:39  Marine x3  
  138  7:40  Supply Depot  
  138  7:42  Terran Infantry Weapons Level 2, Terran Infantry Armor Level 2  
  141  7:52  Marine x4  
  141  7:53  Marine x2  
  141  7:56  Marine  
  141  8:01  Medivac x2  
  141  8:02  Supply Depot, Widow Mine x2  
  149  8:06  Marine  
  149  8:10  Drilling Claws  
  149  8:12  Supply Depot  
  149  8:15  Supply Depot  
  149  8:22  Marine  
  149  8:23  Marine x2  
  149  8:24  Widow Mine x3  
  149  8:25  Marine  
  156  8:34  Medivac x2, Marauder  
  156  8:36  Barracks  
  156  8:37  Barracks x2  
  156  8:40  Marine x5, Supply Depot  
  167  8:43  Marine x3  
  170  8:50  SCV x2  
  170  8:51  SCV  
  170  8:53  Missile Turret x2  
  170  8:54  Missile Turret  
  170  8:55  Marine  
  163  8:58  Marine  
  163  9:02  SCV x2  
  165  9:03  SCV  
  165  9:04  Widow Mine x2  
  165  9:05  Medivac  
  165  9:06  Medivac  
  174  9:14  SCV x2  
  174  9:15  SCV  
  174  9:16  Missile Turret  
  177  9:22  Marauder  
  177  9:23  Planetary Fortress  
  179  9:25  Barracks Tech Lab x3  
  179  9:26  SCV x2  
  179  9:28  Missile Turret  
  181  9:32  Widow Mine x2  
  181  9:37  Thor  
  189  9:44  Missile Turret, Refinery, Marauder  
  185  9:47  Refinery  
  185  9:51  Marine x2, Marauder  
  185  9:52  Marine  
  189  9:53  Marine x3  
  189  9:55  Marauder  
  195  10:01  Marauder  
  195  10:05  Marine  
  195  10:06  Marine x2  
  195  10:13  Marauder  
  179  10:16  Marauder  
  179  10:18  Medivac x2, Widow Mine x2  
  179  10:19  Terran Infantry Armor Level 3, Terran Infantry Weapons Level 3  
  187  10:25  Missile Turret, Command Center  
  187  10:26  Missile Turret  
  187  10:27  Marine x2  
  187  10:29  Marine, Marauder  
  187  10:30  Marine x2  
  187  10:31  Terran Vehicle And Ship Armor Level 1  
  187  10:32  Marauder  
  194  10:42  Marauder  
  194  10:45  Marine x2  
  194  10:46  Marauder  
  194  10:47  Marine x2  
  187  10:50  Widow Mine x3  
  187  10:51  Marauder  
  187  10:55  Concussive Shells, Marauder  
  187  10:56  Marine  
  196  10:58  Marine  
  196  10:59  Marine  
  196  11:00  Marine  
  196  11:03  Marine x2  
  196  11:04  Sensor Tower, Marauder  
  193  11:07  Marauder  
  171  11:16  Marauder  
  158  11:19  SCV x2  
  158  11:20  SCV  
  158  11:23  Marauder  
  161  11:26  Thor  
  161  11:27  Supply Depot, Widow Mine x2  
  161  11:28  Marine x4, Supply Depot, Marauder x2  
  161  11:29  Marine  
  180  11:37  Marine x3, Marauder  
  180  11:38  Missile Turret  
  185  11:44  Marine  
  186  11:48  Marine x5  
  186  11:49  Marine  
  192  11:57  Marauder  
  192  11:59  Marine x2  
  192  12:01  Missile Turret  
  186  12:03  Missile Turret  
  186  12:09  Thor, Marauder x2  
  186  12:10  Widow Mine x2  
  200  12:17  Missile Turret  
  200  12:21  Missile Turret  
  200  12:22  Missile Turret  
  198  12:23  Missile Turret  
  198  12:25  Marine x2  
  198  12:26  Marauder  
  200  12:36  Barracks  
  200  12:37  Barracks  
  198  12:38  Barracks  
  198  12:42  Missile Turret x2, Planetary Fortress  
  190  12:44  Missile Turret  
  190  12:47  Marauder  
  190  12:48  Marine x2  
  194  12:52  Marauder  
  195  13:03  Marauder  
  195  13:04  Marine x2  
  194  13:06  Marauder  
  194  13:10  Marine x3, Marauder  
  192  13:13  Marine x3, Marauder  
  192  13:15  Widow Mine  
  192  13:19  Terran Vehicle And Ship Armor Level 2  
  199  13:21  Marine  
  196  13:35  Marauder  
  196  13:37  Marine x2, Marauder x2  
  196  13:40  Marine x4, Marauder  
  187  13:46  Marine x2  
  187  13:47  Thor  
  187  13:48  Medivac x2, Widow Mine x2  
  197  13:54  Marine  
  184  14:02  Marine  
  184  14:03  Marine x4, Marauder  
  184  14:09  Marine x2, Widow Mine, Marauder  
  181  14:10  Widow Mine  
  181  14:11  Marine, Marauder  
  181  14:15  Marine  
  155  14:22  Marine x2  
  136  14:24  Marauder  
  136  14:25  Medivac x2  
  136  14:28  Command Center  
  136  14:30  Thor, Marauder  
  136  14:31  Widow Mine x2, Marauder  
  154  14:32  Marauder  
  154  14:37  Marine x2  
  154  14:40  Marine x4  
  158  14:46  Marauder  
  158  14:51  Marauder  
  158  14:52  Widow Mine x2, Marauder  
  168  14:54  Marine  
  168  14:55  Marine x3, Marauder  
  168  14:57  Marine  
  168  14:58  Marine x3  
  176  15:06  Marine  
  177  15:12  Marine x5, Medivac x2  
  177  15:13  Marauder  
  177  15:14  Widow Mine  
  190  15:28  Supply Depot x2, Barracks Tech Lab  
  190  15:29  Barracks Tech Lab  
  188  15:37  Marauder  
  188  15:39  Marine x4, Marauder  
  188  15:40  Marauder  
  196  15:43  SCV x3  
  193  15:50  SCV  
  193  15:55  SCV x2  
  193  15:56  SCV  
  191  16:01  Thor  
  191  16:02  SCV  
  194  16:07  SCV  
  194  16:08  SCV x2  
  194  16:25  Marauder x2  
  189  16:27  Marine x2  
  189  16:28  Marine  
  189  16:31  Missile Turret  
  171  16:41  Marauder  
Show
View Real Time Build Order
Export as new Build Order

Serral Zerg - Winner!

Build Orders: Hatch First, Muta Ling Bane 

Get SALT Encoding   

  12  0:00  Drone  
  13  0:12  Overlord  
  13  0:17  Drone  
  14  0:30  Drone x2  
  16  0:47  Hatchery  
  15  0:51  Drone  
  15  0:54  Drone  
  17  0:57  Drone  
  18  1:08  Extractor  
  17  1:13  Spawning Pool  
  17  1:15  Drone  
  17  1:19  Drone  
  18  1:27  Drone  
  19  1:38  Drone  
  20  1:49  Overlord  
  20  1:59  Queen x2  
  20  2:00  Zergling x4  
  26  2:10  Drone  
  26  2:11  Drone, Metabolic Boost  
  28  2:21  Drone x2  
  30  2:36  Hatchery  
  29  2:39  Drone x2  
  30  2:45  Queen  
  30  2:50  Overlord  
  32  2:53  Drone  
  32  2:56  Drone  
  32  2:58  Drone  
  35  3:09  Zergling x2  
  35  3:10  Drone x3  
  39  3:13  Overlord  
  39  3:16  Drone  
  39  3:18  Drone  
  41  3:21  Queen  
  41  3:27  Overlord  
  43  3:40  Overlord  
  43  3:41  Overlord  
  43  3:43  Drone x2  
  43  3:45  Zergling x4  
  43  3:48  Drone  
  48  3:49  Drone, Queen  
  48  3:51  Drone  
  48  3:54  Drone x2  
  54  3:58  Zergling x2  
  54  3:59  Queen  
  57  4:02  Overlord  
  57  4:06  Zergling x2  
  57  4:08  Drone  
  59  4:11  Drone x2  
  59  4:16  Overlord  
  59  4:17  Zergling x2  
  62  4:20  Drone  
  63  4:25  Lair, Queen  
  63  4:29  Zergling x2  
  63  4:30  Drone x2  
  68  4:34  Spore Crawler  
  68  4:38  Spore Crawler, Extractor, Drone x3  
  70  4:39  Extractor  
  70  4:42  Spore Crawler  
  66  4:47  Drone x2  
  66  4:51  Drone  
  66  4:52  Spore Crawler  
  68  4:53  Drone x4  
  68  4:57  Zergling x2  
  68  4:58  Drone  
  74  5:00  Zergling x2  
  74  5:01  Drone x2  
  74  5:05  Overlord  
  77  5:09  Zergling x2  
  77  5:10  Drone x4  
  82  5:14  Extractor  
  82  5:16  Drone  
  82  5:20  Drone x3, Baneling Nest  
  84  5:24  Overseer x2  
  84  5:25  Drone x2  
  85  5:31  Drone  
  85  5:32  Drone x2  
  88  5:36  Drone x2  
  88  5:37  Evolution Chamber  
  88  5:39  Evolution Chamber  
  88  5:40  Drone x2  
  88  5:41  Drone  
  91  5:47  Extractor, Overlord  
  91  5:48  Extractor  
  91  5:49  Drone x4  
  93  6:03  Drone x2, Centrifical Hooks  
  92  6:09  Hatchery, Zerg Melee Weapons Level 1  
  92  6:10  Zerg Ground Armor Level 1  
  92  6:11  Drone x3  
  94  6:13  Drone x2  
  94  6:17  Drone x2  
  97  6:22  Overlord  
  98  6:25  Zergling x8  
  98  6:31  Zergling x10  
  106  6:36  Baneling x10  
  106  6:41  Overlord  
  106  6:46  Zergling x6  
  109  6:51  Spire  
  109  6:53  Overlord  
  108  6:56  Overlord  
  108  6:58  Zergling x2  
  108  6:59  Zergling x4  
  111  7:02  Drone x2  
  111  7:03  Drone x2  
  111  7:04  Drone x3  
  118  7:10  Drone x2  
  120  7:16  Overseer, Baneling x3  
  120  7:26  Overlord  
  118  7:32  Queen  
  118  7:33  Drone x3  
  118  7:35  Overlord x2  
  123  7:38  Zergling x6  
  123  7:39  Zergling x4, Hatchery  
  123  7:43  Baneling x2  
  127  7:49  Overlord  
  127  7:50  Zergling x18  
  133  7:56  Overlord  
  133  7:58  Zergling x6  
  132  8:11  Baneling x6  
  131  8:15  Mutalisk x9  
  131  8:16  Mutalisk x3  
  131  8:18  Hatchery  
  154  8:21  Zerg Flyer Weapons Level 1  
  153  8:28  Zergling x8  
  153  8:30  Zerg Melee Weapons Level 2, Zerg Ground Armor Level 2  
  153  8:34  Extractor  
  156  8:37  Overlord x2  
  156  8:39  Zergling x12  
  162  8:54  Mutalisk x4  
  169  8:59  Zergling x14  
  174  9:04  Overlord x2  
  174  9:05  Infestation Pit  
  173  9:11  Baneling x2, Overlord  
  173  9:12  Overlord  
  171  9:17  Pneumatized Carapace  
  171  9:18  Overseer  
  171  9:19  Mutalisk  
  171  9:21  Drone x5  
  171  9:22  Drone x2  
  171  9:23  Spine Crawler, Drone x2  
  171  9:24  Spore Crawler x2, Zergling x12  
  181  9:40  Drone x10  
  181  9:44  Drone  
  181  9:45  Drone  
  187  9:46  Mutalisk, Hive  
  187  9:47  Mutalisk  
  187  9:50  Baneling x4  
  191  9:56  Baneling  
  191  9:57  Baneling x4  
  176  10:16  Mutalisk x3  
  176  10:17  Mutalisk  
  176  10:18  Zergling x30  
  195  10:30  Hatchery  
  195  10:31  Hatchery  
  195  10:32  Overseer  
  195  10:33  Zergling x6  
  196  10:37  Baneling x2  
  196  10:38  Baneling x7  
  196  10:45  Zergling x22  
  198  10:51  Baneling x10  
  198  11:02  Adrenal Glands  
  198  11:04  Zergling x22  
  190  11:14  Zerg Ground Armor Level 3  
  190  11:16  Zerg Melee Weapons Level 3  
  182  11:26  Mutalisk x2  
  182  11:30  Drone x3  
  182  11:32  Extractor  
  188  11:36  Ultralisk Cavern  
  187  11:42  Zergling x26  
  187  11:45  Baneling x9  
  200  11:54  Zerg Flyer Weapons Level 2  
  200  12:00  Zergling x2  
  200  12:02  Burrow  
  200  12:05  Spore Crawler, Spine Crawler  
  200  12:07  Baneling x6  
  198  12:14  Baneling x4  
  198  12:15  Hatchery  
  197  12:24  Chitinous Plating  
  197  12:27  Spore Crawler  
  197  12:28  Extractor, Drone x3  
  197  12:29  Spine Crawler  
  197  12:32  Zergling x2  
  197  12:33  Zergling x4  
  195  12:41  Zergling x32  
  197  12:48  Zergling x2  
  197  12:49  Zergling x4  
  197  12:51  Baneling  
  200  12:53  Baneling x6  
  197  13:00  Baneling x17  
  193  13:11  Zergling x10, Ultralisk  
  193  13:12  Zergling x18  
  193  13:18  Zergling x12  
  193  13:19  Zergling x6  
  199  13:21  Baneling x3  
  185  13:36  Zergling x34  
  188  13:43  Anabolic Synthesis  
  188  13:46  Baneling x14  
  188  13:47  Zergling x12, Ultralisk  
  200  13:51  Baneling x4  
  200  13:52  Baneling x11  
  200  14:01  Zergling x2  
  200  14:02  Zergling x18  
  199  14:04  Baneling x8  
  184  14:12  Zergling x4  
  184  14:13  Zergling x14  
  175  14:22  Zergling x14  
  180  14:26  Baneling x13  
  179  14:38  Overseer x2  
  175  14:41  Ultralisk x2  
  175  14:42  Zergling x12  
  193  14:46  Baneling  
  191  14:52  Baneling  
  191  14:53  Baneling x5  
  191  14:55  Zerg Flyer Armor Level 1  
  187  15:02  Zergling x24  
  199  15:11  Baneling x13  
  199  15:21  Baneling  
  199  15:22  Baneling x11  
  199  15:29  Hatchery  
  197  15:44  Overseer  
  191  15:54  Zergling x30  
  200  15:57  Baneling  
  200  15:58  Baneling x27  
  200  16:09  Zergling x2  
  200  16:10  Zergling x2  
  200  16:17  Baneling x12  
  198  16:24  Drone x3  
  198  16:25  Zergling x12  
  199  16:30  Baneling x7  
  199  16:39  Zergling x18  
  199  16:42  Baneling x3  
Tags
 
Add a new tag
Caveats
  • Supply blocks, unpowered buildings, or Contaminate may cause inaccurate times.
  • Supply counts are checked every 10 seconds.